Map: Acropolis LE

Players

Nigrnog

  • Race: Zerg Zerg
  • League: Silver
  • Spawn Location: 5:00

MooEsqoo - Winner!

  • Race: Zerg Zerg
  • Spawn Location: 11:00

VOD

Have the link to the VOD?

Description

Time

  • Played on: Dec. 18, 2019, 6:21 a.m.
  • Length: 14:15
Show
View Real Time Build Order
Export as new Build Order

Nigrnog Zerg 

Build Orders: Hatch First 

Get SALT Encoding   

  12  0:03  Drone  
  13  0:08  Drone  
  14  0:17  Overlord  
  14  0:42  Hatchery  
  13  0:45  Drone  
  15  0:50  Drone  
  15  0:53  Drone  
  16  1:00  Extractor  
  16  1:02  Drone  
  16  1:07  Drone  
  17  1:18  Drone  
  18  1:27  Spawning Pool  
  18  1:29  Drone  
  18  1:39  Drone  
  19  1:50  Drone  
  20  2:04  Drone  
  20  2:05  Drone  
  22  2:08  Overlord  
  22  2:12  Drone  
  22  2:14  Metabolic Boost  
  23  2:18  Zergling x2  
  23  2:19  Queen  
  23  2:22  Queen  
  28  2:34  Evolution Chamber  
  28  2:36  Drone x3  
  30  2:39  Zergling x2  
  31  2:49  Drone  
  32  3:15  Drone x2  
  32  3:19  Extractor  
  33  3:21  Zerg Melee Weapons Level 1  
  33  3:25  Zergling x6  
  33  3:26  Overlord  
  36  3:41  Hatchery  
  35  3:44  Hatchery  
  34  3:48  Extractor  
  34  3:52  Extractor  
  34  3:53  Drone x4, Zergling x2  
  34  3:54  Zergling x4  
  39  3:59  Overlord  
  39  4:16  Drone x2  
  41  4:22  Drone x2  
  41  4:23  Drone  
  44  4:30  Lair  
  44  4:35  Pneumatized Carapace  
  44  4:50  Zergling x6  
  47  5:03  Drone x3  
  50  5:11  Baneling Nest, Zergling x12  
  55  5:16  Zerg Ground Armor Level 1  
  55  5:19  Drone x3  
  58  5:26  Queen  
  60  5:29  Drone  
  60  5:33  Drone  
  62  5:37  Overlord  
  62  5:40  Overlord  
  62  5:45  Drone x2  
  64  5:55  Overlord  
  64  5:57  Drone  
  64  5:58  Drone x3  
  68  6:09  Evolution Chamber  
  67  6:12  Evolution Chamber  
  67  6:16  Zergling x4  
  68  6:19  Drone x3  
  68  6:20  Queen  
  68  6:23  Drone x2  
  68  6:24  Drone  
  76  6:25  Queen  
  76  6:31  Zergling x6  
  81  6:33  Zergling x2  
  81  6:38  Overlord x2  
  82  6:43  Zerg Melee Weapons Level 2  
  82  6:45  Zerg Missile Weapons Level 1  
  82  6:53  Hydralisk Den  
  81  6:55  Baneling x2  
  81  6:56  Baneling x2  
  81  6:57  Burrow  
  81  6:59  Baneling x2  
  81  7:00  Baneling x7  
  71  7:52  Hydralisk x7, Zergling x6  
  88  8:03  Zergling x2  
  88  8:04  Zergling x12  
  90  8:27  Zergling x8  
  86  8:39  Zergling x4  
  88  8:43  Baneling x5  
  88  8:44  Baneling  
  88  8:48  Hydralisk x2  
  90  8:51  Grooved Spines  
  90  8:52  Zerg Ground Armor Level 2  
  92  8:58  Infestation Pit  
  92  9:00  Zerg Missile Weapons Level 2  
  91  9:05  Drone  
  91  9:06  Drone x5  
  97  9:11  Overlord x7  
  97  9:14  Overlord  
  97  9:21  Extractor  
  97  9:23  Extractor  
  95  9:24  Extractor  
  95  9:25  Extractor  
  93  9:32  Overseer x3  
  93  9:46  Queen  
  93  9:47  Hydralisk x7  
  93  9:48  Hydralisk x4  
  117  9:58  Drone  
  118  10:06  Overlord x3  
  118  10:07  Zergling x2  
  118  10:08  Zergling x18  
  118  10:09  Zergling x14  
  118  10:10  Zergling x4  
  139  10:22  Queen  
  139  10:23  Drone  
  139  10:24  Drone x4  
  139  10:27  Muscular Augments  
  146  10:33  Hive  
  144  10:43  Drone x7  
  144  10:44  Drone x3  
  154  11:00  Baneling x3  
  154  11:01  Baneling x7  
  154  11:09  Hydralisk x6  
  154  11:10  Hydralisk x7  
  180  11:37  Centrifical Hooks  
  180  11:55  Overseer  
  180  12:02  Hydralisk x6  
  168  12:48  Hydralisk x5  
  168  12:49  Hydralisk x2  
  172  12:53  Zergling x2  
  172  12:54  Zergling x18  
  172  12:55  Zergling x16  
  172  12:56  Zergling x2  
  191  12:59  Overlord  
  191  13:00  Overlord  
  191  13:25  Zergling x4  
  191  13:26  Zergling x12  
Show
View Real Time Build Order
Export as new Build Order

MooEsqoo Zerg - Winner!

Build Orders: Hatch First 

Get SALT Encoding   

  12  0:03  Drone  
  13  0:13  Overlord  
  13  0:31  Drone x3  
  16  0:50  Hatchery  
  15  0:59  Drone  
  15  1:00  Drone  
  17  1:06  Drone  
  18  1:14  Extractor  
  18  1:18  Drone  
  18  1:25  Spawning Pool  
  17  1:28  Drone  
  18  1:40  Drone  
  19  1:56  Overlord  
  19  2:00  Drone  
  20  2:11  Queen  
  20  2:13  Queen  
  24  2:18  Zergling x2  
  24  2:19  Drone, Zergling x2  
  27  2:40  Hatchery  
  27  2:43  Drone  
  27  2:44  Drone x3  
  29  2:45  Drone  
  29  2:47  Overlord  
  31  3:02  Zergling x2  
  31  3:03  Drone  
  33  3:06  Queen  
  33  3:09  Queen  
  37  3:29  Metabolic Boost  
  37  4:08  Roach Warren  
  36  4:10  Evolution Chamber  
  36  4:12  Evolution Chamber  
  36  4:16  Drone x7  
  36  4:17  Drone  
  42  4:18  Zergling x4  
  42  4:19  Zergling x2  
  42  4:20  Drone  
  46  4:38  Zerg Missile Weapons Level 1  
  46  4:39  Zerg Ground Armor Level 1  
  46  4:50  Lair  
  46  4:59  Roach x2  
  50  5:01  Overlord x2  
  50  5:02  Overlord  
  50  5:23  Roach x3  
  56  5:37  Extractor  
  56  5:39  Extractor  
  56  5:40  Drone x6  
  56  5:41  Drone x2  
  56  5:42  Extractor, Roach  
  65  5:43  Roach  
  65  5:47  Extractor  
  65  5:49  Extractor  
  63  6:06  Drone x3  
  63  6:07  Drone x2, Overlord x2  
  63  6:08  Drone x2  
  63  6:09  Drone  
  71  6:19  Glial Reconstitution  
  71  6:51  Ravager x2  
  71  6:53  Hatchery  
  72  6:58  Queen  
  72  7:00  Queen  
  76  7:23  Drone x3  
  76  7:24  Drone x2  
  76  7:25  Drone x2  
  83  7:34  Drone x4  
  77  7:45  Roach x5  
  77  7:46  Roach  
  79  7:56  Zerg Missile Weapons Level 2  
  79  7:57  Zerg Ground Armor Level 2  
  77  8:04  Zergling x10  
  71  8:34  Drone x8  
  74  8:35  Drone x7  
  74  8:38  Ravager x4  
  74  8:39  Ravager  
  90  9:26  Hatchery  
  89  9:36  Overlord x3  
  89  9:40  Drone  
  90  10:19  Queen  
  90  10:21  Queen  
  92  10:26  Roach x7  
  92  10:27  Roach x3  
  114  10:29  Overlord x6  
  114  10:30  Overlord x2  
  114  10:32  Overlord  
  114  11:01  Ravager x7  
  114  11:02  Ravager x4  
  125  11:10  Roach x4  
  125  11:11  Roach x7  
  143  11:12  Roach x3  
  153  11:22  Roach x2  
  157  11:33  Roach  
  157  11:34  Roach x7  
  157  11:38  Ravager  
  175  11:40  Ravager  
  175  11:41  Ravager  
  175  11:42  Ravager x8  
  175  11:44  Ravager x3  
  187  11:49  Ravager  
  188  12:00  Ravager  
  189  12:03  Ravager x3  
  192  12:08  Overlord x2  
  176  12:47  Zergling x8  
  176  12:48  Zergling x12  
  174  13:03  Roach x6  
  186  13:07  Zergling x8  
  186  13:08  Zergling x12  
  196  13:20  Zergling x6  
Tags
 
League
Silver
Matchup
ZvZ
Race
Zerg
Spawn Locations
Cross Positions
Add a new tag
Caveats
  • Supply blocks, unpowered buildings, or Contaminate may cause inaccurate times.
  • Supply counts are checked every 10 seconds.